 Dungeon Crawl Stone Soup version 0.32-a0-42-ga30500b4d3 (webtiles) character file.

Game seed: 14354710132200462394

81 seren the Shooter (level 4, -7/38 HPs)
             Began as a Hill Orc Hunter on Feb 2, 2024.
             Killed from afar by Ijyb (12 damage)
             ... with an iceblast
             ... on level 3 of the Dungeon.
             The game lasted 00:04:19 (1754 turns).

seren the Shooter (Hill Orc Hunter)                 Turns: 1754, Time: 00:04:20

Health: -7/38      AC:  3    Str: 13    XL:     4   Next: 42%
Magic:  4/4        EV: 12    Int:  9    God:
Gold:   57         SH:  0    Dex: 16    Spells: 3/3 levels left

rFire   . . .        a - +0 shortbow
rCold   . . .        (shield currently unavailable)
rNeg    . . .        c - +0 leather armour
rPois   +            (no helmet)
rElec   .            (no cloak)
rCorr   .            (no gloves)
SInv    +            (no boots)
Will    .....        (no amulet)
Stlth   ++           d - ring of poison resistance
HPRegen 0.26/turn    m - ring of see invisible
MPRegen 0.09/turn

%: no passive effects
@: no status effects
A: no striking features
a: no special abilities


You were on level 3 of the Dungeon.
You visited 1 branch of the dungeon, and saw 3 of its levels.

You collected 57 gold pieces.

Inventory:

Hand Weapons
 a - a +0 shortbow (weapon)
 b - a +2 dagger of protection
 q - a +0 long sword
Missiles
 h - 6 poisoned darts
Armour
 c - a +0 leather armour (worn)
Jewellery
 d - a ring of poison resistance (left hand)
 m - a ring of see invisible (right hand)
Talismans
 i - a beast talisman
Wands
 o - a wand of digging (5)
Scrolls
 f - 2 scrolls of teleportation {unknown}
 g - a scroll of fear {unknown}
 k - a scroll of blinking {unknown}
 l - a scroll of butterflies
Potions
 e - 2 potions of curing {unknown}
 j - a potion of magic {unknown}
 n - a potion of attraction {unknown}
 p - a potion of degeneration {unknown}


   Skills:
 + Level 3.3 Fighting
 * Level 4.2 Ranged Weapons
 + Level 2.1 Dodging
 + Level 1.7 Stealth


You had 3 spell levels left.
You didn't know any spells.
Your spell library contained the following spells:

 Spells                   Type           Power      Damage    Failure   Level
 Foxfire                  Conj/Fire      0%         2x1d4     45%         1
 Plasma Beam              Fire/Air       0%         2x1d10    100%        6
 Starburst                Conj/Fire      0%         6d3       100%        6


Dungeon Overview and Level Annotations

Branches:
Dungeon (3/15)

Altars:

Annotations:
D:3 Ijyb


Message History

You shoot an arrow. The arrow hits Natasha.
Natasha is severely wounded.
Natasha claws you.
* * * LOW HITPOINT WARNING * * *
The cerulean imp hits you but does no damage.
Natasha barely misses you.
You shoot an arrow. The arrow barely misses Natasha.
The arrow hits the cerulean imp but does no damage.
The cerulean imp hits you but does no damage.
Natasha barely misses you.
The cerulean imp hits you but does no damage.
You shoot an arrow. The arrow hits Natasha!
You kill Natasha!
Natasha screams in pain as she dies!
The cerulean imp disappears in a puff of smoke!
You start resting.
HP restored.
Ijyb the Twisted Goblin comes into view.
She is wielding a +0 dagger and carrying a wand of iceblast.
Press: ? - help, v - describe, . - travel
Here: Ijyb, wielding a +0 dagger, wearing a +0 chain mail and carrying a wand of iceblast (asleep)
The floor.
You shoot an arrow. The arrow hits Ijyb.
Ijyb shouts!
Ijyb is lightly wounded.
You shoot an arrow. The arrow hits Ijyb.
Ijyb is moderately wounded.
A bat comes into view.
Ijyb zaps a wand.
The mass of ice explodes!
The iceblast engulfs you!!
* * * LOW HITPOINT WARNING * * *
You hear a shout!
You hear an angry hiss.
You shoot an arrow. The arrow hits Ijyb!
Ijyb is heavily wounded.
Ijyb zaps a wand.
The mass of ice explodes!
The iceblast engulfs you!
* * * LOW HITPOINT WARNING * * *
You are too injured to fight recklessly!
The bat hits you but does no damage.
Ijyb zaps a wand.
The mass of ice explodes!
The iceblast engulfs the bat!
The bat dies!
The iceblast engulfs you!
You die...

#.# #.# #.# #.#
#.# #.#
..##########.#####
....g....†@.....<#
............######
............#
..?.........#
............#
............#
............#
..#'#########


You could see Ijyb.

Vanquished Creatures
  Natasha (D:3)
  A dart slug (D:1)
  6 endoplasms
  4 giant cockroaches
  6 goblins
  8 hobgoblins
  4 quokkas
  2 ball pythons
  6 bats
  A frilled lizard (D:1)
  5 kobolds (D:1)
  5 rats (D:1)
49 creatures vanquished.

Vanquished Creatures (others)
  A bat (D:3)
1 creature vanquished.

Grand Total: 50 creatures vanquished

Notes
Turn   | Place    | Note
-------+----------+-------------------------------------------
     0 | D:1      | seren the Hill Orc Hunter began the quest for the Orb.
     0 | D:1      | Reached XP level 1. HP: 18/18 MP: 1/1
    55 | D:1      | Reached skill level 1 in Stealth
   103 | D:1      | Reached XP level 2. HP: 25/25 MP: 2/2
   349 | D:1      | Reached XP level 3. HP: 30/30 MP: 3/3
   586 | D:1      | Reached skill level 4 in Ranged Weapons
  1589 | D:2      | Reached XP level 4. HP: 38/38 MP: 4/4
  1682 | D:3      | Noticed Natasha
  1689 | D:3      | Killed Natasha
  1748 | D:3      | Noticed Ijyb
  1754 | D:3      | Killed from afar by Ijyb

Illustrated notes

Levels and vault maps discovered:
D:1:      heliophobic_arrival_battle_scene, layout_loops_cross,
          chequers_serial_rivers_large_a, st_stairs_13, chequers_avenue,
          glass_columns_a
D:2:      layout_basic
D:3:      layout_basic, mainiacjoe_overflow_alcove_2, uniq_natasha, uniq_ijyb

Skill      XL: |  1  2  3 |
---------------+----------+-----
Stealth        | 1 |  1.7
Fighting       | 3 |  3.3
Ranged Weapons | 4 |  4.2
Dodging        | 2 |  2.1

Action                     |  1- 3 |  4- 6 || total
---------------------------+-------+-------++-------
  Melee: Dagger            |     7 |       ||     7
         Punch             |     1 |       ||     1
   Fire: Shortbow          |   119 |    10 ||   129
 Armour: Leather armour    |    18 |    10 ||    28
  Dodge: Dodged            |    30 |     2 ||    32

Table legend: (Time is in decaauts)
 A = Elapsed time spent in this place.
 B = Non-inter-level travel time spent in this place.
 C = Inter-level travel time spent in this place.
 D = Time resting spent in this place.
 E = Time spent auto-exploring this place.
 F = Levels seen in this place.
 G = Mean time per level.
                   A        B        C        D        E       F      G
               +--------+--------+--------+--------+--------+-----+--------+
         Total |   1796 |   1749 |     47 |    105 |   1290 |   3 |  598.7 |
       Dungeon |   1796 |   1749 |     47 |    105 |   1290 |   3 |  598.7 |
               +--------+--------+--------+--------+--------+-----+--------+

Top non-repeatable levels by time:
     D:1: 919 daAuts
     D:2: 802 daAuts
     D:3: 74 daAuts
